TOP OF THE 1ST |
University of Southern California Trojans batting - Pitching for Louisiana State University Tigers : LHP Dan Cunningham
|
Pitching: LHP Dan Cunningham
|
|
Batting: LHB Nick Deen
|
0-0: SINGLE (Groundball, 5L, EV 94.4 MPH)
|
Batting: RHB Lao-che Zhu
|
0-0: Ball 1-0: Ball 2-0: Ball 3-0: Called Strike 3-1: Base on Balls Nick Deen to second
|
Batting: RHB Carlos Livas
|
0-0: Ball 1-0: Called Strike Nick Deen steals 3rd base 1-1: Foul Ball, location: 2F 1-2: TRIPLE (Line Drive, 89XD, EV 106.2 MPH) Nick Deen scores Lao-che Zhu scores
|
Batting: RHB Toshinori Tajima
|
0-0: Ground out 6-3 (Groundball, 6, EV 82.5 MPH) Carlos Livas scores
|
Batting: LHB Jayden Pelayo
|
0-0: Ball 1-0: Ball 2-0: Ball 3-0: Base on Balls
|
Batting: RHB Neal Perucci
|
0-0: Foul Ball, location: 2F 0-1: Ball 1-1: Ball 2-1: Swinging Strike 2-2: DOUBLE (Line Drive, 3D, EV 98.8 MPH) Jayden Pelayo to third
|
Batting: LHB Kien-lung Zou
|
0-0: Ball 1-0: Ball 2-0: Swinging Strike 2-1: Called Strike 2-2: 3-RUN HOME RUN (Flyball, 9D, EV 93.1 MPH), Distance : 357 ft
|
Batting: RHB Paul Ngumi
|
0-0: Called Strike 0-1: Ground out 6-3 (Groundball, 6, EV 86.2 MPH)
|
Batting: RHB Donovan Deason
|
0-0: Fly out, F7 (Flyball, 7, EV 87.5 MPH)
|
Top of the 1st over - 6 runs, 4 hits, 0 errors, 0 left on base; University of Southern California 6 - Louisiana State University 0 |
BOTTOM OF THE 1ST |
Louisiana State University Tigers batting - Pitching for University of Southern California Trojans : LHP Don Stanford
|
Pitching: LHP Don Stanford
|
|
Batting: LHB Dorian Oram
|
0-0: Ball 1-0: SINGLE (Groundball, 5D, EV 105.6 MPH)
|
Batting: LHB Bob Govella
|
0-0: Ball 1-0: Ball Wild Pitch! Dorian Oram to second 2-0: Called Strike 2-1: Ball 3-1: Foul Ball, location: 2F 3-2: Strikes out swinging
|
Batting: SHB Emmet Brickowski
|
0-0: Ball 1-0: Called Strike 1-1: Swinging Strike 1-2: Ball 2-2: Strikes out swinging
|
Batting: RHB Fernando Membreno
|
0-0: Ball 1-0: Called Strike 1-1: Ball 2-1: SINGLE (Groundball, 6MS, EV 63.8 MPH) (infield hit) Dorian Oram to third
|
Batting: SHB Oscar Barahona
|
0-0: Ball 1-0: Called Strike 1-1: Ball 2-1: Ball 3-1: DOUBLE (Line Drive, 7LM, EV 106.9 MPH) Dorian Oram scores Fernando Membreno to third Runner from 3rd tries for Home, SAFE, no throw by LF
|
Batting: RHB Leo Roldan
|
0-0: Ball 1-0: Ball 2-0: Foul Ball, location: 2F 2-1: Foul Ball, location: 2F 2-2: Strikes out swinging
|
Bottom of the 1st over - 2 runs, 3 hits, 0 errors, 1 left on base; University of Southern California 6 - Louisiana State University 2 |
TOP OF THE 2ND |
University of Southern California Trojans batting - Pitching for Louisiana State University Tigers : LHP Dan Cunningham
|
Batting: LHB Nick Deen
|
0-0: Swinging Strike 0-1: Called Strike 0-2: Ball 1-2: Ball 2-2: Ball 3-2: Base on Balls
|
Pitching: LHP Jim Unknown
|
|
Batting: RHB Lao-che Zhu
|
0-0: SINGLE (Line Drive, 8RS, EV 111.9 MPH) Nick Deen to second Runner from 2nd tries for 3rd, SAFE, throw by CF made to third
|
Batting: RHB Carlos Livas
|
0-0: Ball 1-0: SINGLE (Line Drive, 8RS, EV 97.5 MPH) Nick Deen scores Lao-che Zhu to second
|
Batting: RHB Toshinori Tajima
|
0-0: Foul Ball, location: 2F 0-1: Grounds into double play, 5-4-3 (Groundball, 5, EV 87.5 MPH) Lao-che Zhu to third
|
Batting: LHB Jayden Pelayo
|
0-0: Called Strike 0-1: Called Strike 0-2: Ball 1-2: Ball 2-2: Ball 3-2: Strikes out swinging
|
Top of the 2nd over - 1 run, 2 hits, 0 errors, 1 left on base; University of Southern California 7 - Louisiana State University 2 |
BOTTOM OF THE 2ND |
Louisiana State University Tigers batting - Pitching for University of Southern California Trojans : LHP Don Stanford
|
Batting: RHB Alfredo Padilla
|
0-0: Called Strike 0-1: Foul Ball, location: 2F 0-2: Ball 1-2: Strikes out swinging
|
Batting: RHB Jesse Sargent
|
0-0: Ground out 6-3 (Groundball, 6, EV 103.1 MPH)
|
Batting: RHB Jake Garza
|
0-0: Ground out 6-3 (Groundball, 6M, EV 89.4 MPH)
|
Bottom of the 2nd over - 0 runs, 0 hits, 0 errors, 0 left on base; University of Southern California 7 - Louisiana State University 2 |
TOP OF THE 3RD |
University of Southern California Trojans batting - Pitching for Louisiana State University Tigers : LHP Jim Unknown
|
Batting: RHB Neal Perucci
|
0-0: Ball 1-0: Ball 2-0: Ball 3-0: Base on Balls
|
Batting: LHB Kien-lung Zou
|
0-0: Called Strike 0-1: TRIPLE (Flyball, 89XD, EV 108.8 MPH) Neal Perucci scores
|
Batting: RHB Paul Ngumi
|
0-0: Foul Ball, location: 2F 0-1: Ball 1-1: Ball 2-1: Foul Ball, location: 2F 2-2: Ground out 6-3 (Groundball, 6, EV 84.4 MPH) Kien-lung Zou scores
|
Batting: RHB Donovan Deason
|
0-0: Ball 1-0: Ground out 6-3 (Groundball, 6, EV 86.9 MPH)
|
Batting: LHB Nick Deen
|
0-0: SINGLE (Groundball, 5S, EV 68.1 MPH) (infield hit)
|
Batting: RHB Lao-che Zhu
|
0-0: SINGLE (Groundball, 4D, EV 98.1 MPH) Nick Deen to second
|
Batting: RHB Carlos Livas
|
0-0: Ball 1-0: Fly out, F4 (Popup, 34, EV 82.5 MPH)
|
Top of the 3rd over - 2 runs, 3 hits, 0 errors, 2 left on base; University of Southern California 9 - Louisiana State University 2 |
BOTTOM OF THE 3RD |
Louisiana State University Tigers batting - Pitching for University of Southern California Trojans : LHP Don Stanford
|
Batting: LHB Dorian Oram
|
0-0: Called Strike 0-1: Called Strike 0-2: Strikes out swinging
|
Batting: LHB Bob Govella
|
0-0: Ball 1-0: Called Strike 1-1: Ball 2-1: Called Strike 2-2: Foul Ball, location: 2F 2-2: Ball 3-2: Fly out, F7 (Flyball, 7, EV 78.8 MPH)
|
Batting: SHB Emmet Brickowski
|
0-0: Ball 1-0: Ball 2-0: Foul Ball, location: 2F 2-1: Ball 3-1: SINGLE (Groundball, 56, EV 105.0 MPH)
|
Batting: RHB Fernando Membreno
|
0-0: Called Strike 0-1: Ball 1-1: Ball 2-1: Swinging Strike 2-2: Foul Ball, location: 2F 2-2: Strikes out looking
|
Bottom of the 3rd over - 0 runs, 1 hit, 0 errors, 1 left on base; University of Southern California 9 - Louisiana State University 2 |
TOP OF THE 4TH |
University of Southern California Trojans batting - Pitching for Louisiana State University Tigers : LHP Jim Unknown
|
Batting: RHB Toshinori Tajima
|
0-0: Ball 1-0: SINGLE (Line Drive, 3D, EV 94.4 MPH)
|
Batting: LHB Jayden Pelayo
|
0-0: Ball 1-0: Ball 2-0: Ball 3-0: Called Strike 3-1: Base on Balls Toshinori Tajima to second
|
Batting: RHB Neal Perucci
|
0-0: Called Strike 0-1: Called Strike 0-2: Foul Ball, location: 2F 0-2: SINGLE (Line Drive, 8RS, EV 101.2 MPH) Toshinori Tajima to third Jayden Pelayo to second Runner from 3rd tries for Home, SAFE, throw by RF to home
|
Batting: LHB Kien-lung Zou
|
0-0: Ball 1-0: Fly out, F9 (Line Drive, 9D, EV 89.4 MPH)
|
Batting: RHB Paul Ngumi
|
0-0: Foul Ball, location: 2F 0-1: Ball 1-1: Ball 2-1: Swinging Strike 2-2: Ball 3-2: Foul Ball, location: 2F 3-2: Fly out, F8 (Flyball, 8LD, EV 88.1 MPH)
|
Batting: RHB Donovan Deason
|
0-0: Called Strike 0-1: Ball 1-1: Called Strike 1-2: Strikes out swinging
|
Top of the 4th over - 1 run, 2 hits, 0 errors, 2 left on base; University of Southern California 10 - Louisiana State University 2 |
BOTTOM OF THE 4TH |
Louisiana State University Tigers batting - Pitching for University of Southern California Trojans : LHP Don Stanford
|
Batting: SHB Oscar Barahona
|
0-0: Foul Ball, location: 2F 0-1: Swinging Strike 0-2: Ball 1-2: Strikes out looking
|
Batting: RHB Leo Roldan
|
0-0: Ball 1-0: Ball 2-0: Foul Ball, location: 2F 2-1: Called Strike 2-2: Strikes out swinging
|
Batting: RHB Alfredo Padilla
|
0-0: Ball 1-0: Ball 2-0: Ground out 4-3 (Groundball, 4, EV 104.4 MPH)
|
Bottom of the 4th over - 0 runs, 0 hits, 0 errors, 0 left on base; University of Southern California 10 - Louisiana State University 2 |
TOP OF THE 5TH |
University of Southern California Trojans batting - Pitching for Louisiana State University Tigers : LHP Jim Unknown
|
Batting: LHB Nick Deen
|
0-0: Foul Ball, location: 2F 0-1: Foul Ball, location: 2F 0-2: Ball 1-2: Ground out 5-3 (Groundball, 5S, EV 66.2 MPH)
|
Batting: RHB Lao-che Zhu
|
0-0: Ground out 3-1 (Groundball, 34S, EV 69.4 MPH)
|
Batting: RHB Carlos Livas
|
0-0: Ball 1-0: Foul Ball, location: 2F 1-1: Foul Ball, location: 2F 1-2: Foul Ball, location: 2F 1-2: Foul Ball, location: 2F 1-2: Ball 2-2: Ball 3-2: Base on Balls
|
Batting: RHB Toshinori Tajima
|
0-0: Called Strike 0-1: Ball 1-1: Foul Ball, location: 2F 1-2: Ground out 5-3 (Groundball, 15, EV 88.8 MPH)
|
Top of the 5th over - 0 runs, 0 hits, 0 errors, 1 left on base; University of Southern California 10 - Louisiana State University 2 |
BOTTOM OF THE 5TH |
Louisiana State University Tigers batting - Pitching for University of Southern California Trojans : LHP Don Stanford
|
Batting: RHB Jesse Sargent
|
0-0: Fly out, F9 (Flyball, 9LD, EV 104.4 MPH)
|
Batting: RHB Jake Garza
|
0-0: Hit by Pitch
|
Batting: LHB Dorian Oram
|
0-0: Called Strike 0-1: Ball 1-1: Called Strike 1-2: Ball 2-2: SINGLE (Groundball, 15S, EV 67.5 MPH) (infield hit) Jake Garza to second
|
Batting: LHB Bob Govella
|
0-0: Called Strike 0-1: Called Strike 0-2: Foul Ball, location: 2F 0-2: Ball 1-2: Strikes out swinging
|
Pitching: RHP John Killough
|
|
Batting: SHB Emmet Brickowski
|
0-0: Called Strike 0-1: Ball 1-1: Swinging Strike 1-2: Strikes out swinging
|
Bottom of the 5th over - 0 runs, 1 hit, 0 errors, 2 left on base; University of Southern California 10 - Louisiana State University 2 |
TOP OF THE 6TH |
University of Southern California Trojans batting - Pitching for Louisiana State University Tigers : LHP Jim Unknown
|
Batting: LHB Jayden Pelayo
|
0-0: Ball 1-0: Called Strike 1-1: Ball 2-1: Ball 3-1: Foul Ball, location: 2F 3-2: Ground out 4-3 (Groundball, 4, EV 78.8 MPH)
|
Batting: RHB Neal Perucci
|
0-0: Ball 1-0: Ball 2-0: Ball 3-0: Called Strike 3-1: Base on Balls
|
Pitching: LHP Jim Unknown
|
|
Batting: LHB Kien-lung Zou
|
0-0: Called Strike 0-1: Ball 1-1: Fly out, F4 (Popup, 34D, EV 48.8 MPH)
|
Batting: RHB Paul Ngumi
|
0-0: Ball 1-0: Ball 2-0: Ball 3-0: Base on Balls Neal Perucci to second
|
Batting: RHB Donovan Deason
|
0-0: Fielders Choice at 2nd, 6-4 (Groundball, 6, EV 85.6 MPH)
|
Top of the 6th over - 0 runs, 0 hits, 0 errors, 2 left on base; University of Southern California 10 - Louisiana State University 2 |
BOTTOM OF THE 6TH |
Louisiana State University Tigers batting - Pitching for University of Southern California Trojans : RHP John Killough
|
Batting: RHB Fernando Membreno
|
0-0: Ball 1-0: Ball 2-0: Foul Ball, location: 2F 2-1: DOUBLE (Flyball, 8RXD, EV 94.4 MPH)
|
Batting: SHB Oscar Barahona
|
0-0: Ball 1-0: Fly out, F8 (Flyball, 89M, EV 90.0 MPH)
|
Batting: RHB Leo Roldan
|
0-0: Ground out 4-3 (Groundball, 4, EV 79.4 MPH) Fernando Membreno to third
|
Batting: RHB Alfredo Padilla
|
0-0: Reached on error, E6 (Groundball, 6, EV 98.1 MPH) Fernando Membreno scores
|
Batting: RHB Jesse Sargent
|
0-0: Called Strike 0-1: Ball 1-1: Ball 2-1: Ball 3-1: Base on Balls
|
Batting: RHB Jake Garza
|
0-0: Ball 1-0: Fly out, F7 (Flyball, 7LM, EV 84.4 MPH)
|
Bottom of the 6th over - 1 run, 1 hit, 1 error, 2 left on base; University of Southern California 10 - Louisiana State University 3 |
TOP OF THE 7TH |
University of Southern California Trojans batting - Pitching for Louisiana State University Tigers : LHP Jim Unknown
|
Batting: LHB Nick Deen
|
0-0: Ground out 6-3 (Groundball, 6, EV 90.0 MPH)
|
Batting: RHB Lao-che Zhu
|
0-0: Called Strike 0-1: Ground out U3 (Groundball, 34, EV 83.8 MPH)
|
Pinch Hitting: LHB David Mendez
|
0-0: Ball 1-0: Ball 2-0: Fly out, F9 (Flyball, 9S, EV 89.4 MPH)
|
Top of the 7th over - 0 runs, 0 hits, 0 errors, 0 left on base; University of Southern California 10 - Louisiana State University 3 |
BOTTOM OF THE 7TH |
Louisiana State University Tigers batting - Pitching for University of Southern California Trojans : RHP John Killough
|
Now at 1B: Wayne Watson
|
|
Batting: LHB Dorian Oram
|
0-0: Ball 1-0: Ball 2-0: Foul Ball, location: 2F 2-1: Ball 3-1: Base on Balls
|
Batting: LHB Bob Govella
|
0-0: Ball 1-0: Fielders Choice at 2nd, 3-6 (Groundball, 34, EV 78.1 MPH)
|
Batting: SHB Emmet Brickowski
|
0-0: Ball 1-0: Called Strike 1-1: SINGLE (Line Drive, 6M, EV 101.2 MPH) Bob Govella to second
|
Batting: RHB Fernando Membreno
|
0-0: Swinging Strike 0-1: Ball 1-1: Swinging Strike 1-2: Foul Ball, location: 2F 1-2: Ball 2-2: Ball 3-2: Foul Ball, location: 2F 3-2: Ground out 6-3 (Groundball, 6MS, EV 94.4 MPH) Bob Govella to third Emmet Brickowski to second
|
Batting: SHB Oscar Barahona
|
0-0: SINGLE (Groundball, 4MD, EV 97.5 MPH) Bob Govella scores Emmet Brickowski to third Runner from 3rd tries for Home, SAFE, throw by CF to home
|
Batting: RHB Leo Roldan
|
0-0: Called Strike 0-1: Foul Ball, location: 2F 0-2: Ball 1-2: Foul Ball, location: 2F 1-2: Ball 2-2: Ball 3-2: Fly out, F7 (Flyball, 7LM, EV 92.5 MPH)
|
Bottom of the 7th over - 2 runs, 2 hits, 0 errors, 1 left on base; University of Southern California 10 - Louisiana State University 5 |
TOP OF THE 8TH |
University of Southern California Trojans batting - Pitching for Louisiana State University Tigers : LHP Jim Unknown
|
Batting: RHB Toshinori Tajima
|
0-0: Called Strike 0-1: TRIPLE (Groundball, 3L, EV 104.4 MPH)
|
Batting: LHB Jayden Pelayo
|
0-0: Ground out 4-3 (Groundball, 4S, EV 85.0 MPH) Toshinori Tajima scores
|
Batting: RHB Neal Perucci
|
0-0: Ball 1-0: Foul Ball, location: 2F 1-1: Fly out, F9 (Flyball, 9, EV 88.8 MPH)
|
Batting: LHB Kien-lung Zou
|
0-0: Ball 1-0: Ball 2-0: Foul Ball, location: 2F 2-1: Ball 3-1: Base on Balls
|
Batting: RHB Paul Ngumi
|
0-0: Ball 1-0: Ball 2-0: Ball 3-0: Base on Balls Kien-lung Zou to second
|
Batting: RHB Donovan Deason
|
0-0: Called Strike 0-1: Ground out 6-3 (Groundball, 6S, EV 82.5 MPH)
|
Top of the 8th over - 1 run, 1 hit, 0 errors, 2 left on base; University of Southern California 11 - Louisiana State University 5 |
BOTTOM OF THE 8TH |
Louisiana State University Tigers batting - Pitching for University of Southern California Trojans : RHP John Killough
|
Batting: RHB Alfredo Padilla
|
0-0: Swinging Strike 0-1: Ball 1-1: Called Strike 1-2: Strikes out swinging
|
Pinch Hitting: LHB Damien Cohen
|
0-0: Ball 1-0: Called Strike 1-1: Foul Ball, location: 2F 1-2: Ball 2-2: Foul Ball, location: 2F 2-2: Ball 3-2: Foul Ball, location: 2F 3-2: Foul Ball, location: 2F 3-2: Ground out 4-3 (Groundball, 34, EV 86.9 MPH)
|
Pinch Hitting: RHB Sandoval Serzedelo
|
0-0: Called Strike 0-1: SOLO HOME RUN (Flyball, 9D, EV 95.6 MPH), Distance : 359 ft
|
Pitching: LHP Chris Kettenhofen
|
|
Batting: LHB Dorian Oram
|
0-0: Ball 1-0: Ball 2-0: Ball 3-0: Called Strike 3-1: Base on Balls
|
Batting: LHB Bob Govella
|
0-0: Ball 1-0: Ball 2-0: Ball 3-0: Base on Balls Dorian Oram to second
|
Batting: SHB Emmet Brickowski
|
0-0: SINGLE (Groundball, 4M, EV 100.6 MPH) Dorian Oram to third Bob Govella to second Runner from 3rd tries for Home, SAFE, throw by CF to home
|
Batting: RHB Fernando Membreno
|
0-0: Called Strike 0-1: Foul Ball, location: 2F 0-2: Ball 1-2: Strikes out swinging
|
Bottom of the 8th over - 2 runs, 2 hits, 0 errors, 2 left on base; University of Southern California 11 - Louisiana State University 7 |
TOP OF THE 9TH |
University of Southern California Trojans batting - Pitching for Louisiana State University Tigers : LHP Jim Unknown
|
Now at 1B: Pete Roberts
|
|
Now at 3B: Fernando Membreno
|
|
Now in LF: Sandoval Serzedelo
|
|
Batting: LHB Nick Deen
|
0-0: Ball 1-0: Called Strike 1-1: Ball 2-1: Ball 3-1: Base on Balls
|
Batting: RHB Lao-che Zhu
|
0-0: Called Strike 0-1: SINGLE (Line Drive, 78S, EV 100.6 MPH) Nick Deen to second
|
Batting: RHB Wayne Watson
|
0-0: Swinging Strike 0-1: Reached on error, E1 (Groundball, P, EV 66.9 MPH) Nick Deen to third Lao-che Zhu to second
|
Batting: RHB Toshinori Tajima
|
0-0: Ball 1-0: Fly out, F9 (Flyball, 9, EV 83.8 MPH) Runner from 3rd tags up, SCORES, throw by RF
|
Batting: LHB Jayden Pelayo
|
0-0: Ball 1-0: Foul Ball, location: 2F 1-1: Ball 2-1: Called Strike 2-2: Fly out, F7 (Flyball, 7D, EV 101.2 MPH) Runner from 2nd tags up, SAFE at 3rd, no throw by LF
|
Batting: RHB Neal Perucci
|
0-0: Ball 1-0: Ground out 4-3 (Groundball, 4, EV 93.1 MPH)
|
Top of the 9th over - 1 run, 1 hit, 1 error, 2 left on base; University of Southern California 12 - Louisiana State University 7 |
BOTTOM OF THE 9TH |
Louisiana State University Tigers batting - Pitching for University of Southern California Trojans : LHP Chris Kettenhofen
|
Batting: SHB Oscar Barahona
|
0-0: Ball 1-0: Ball 2-0: Called Strike 2-1: Called Strike 2-2: Ball 3-2: Ground out 1-3 (Groundball, P, EV 71.9 MPH)
|
Pinch Hitting: RHB Roberto Medina
|
0-0: Ball 1-0: Called Strike 1-1: Ball 2-1: Reached on error, E8 (Flyball, 8RD, EV 99.4 MPH)
|
Pinch Hitting: RHB Bobby Lozada
|
0-0: Ball 1-0: Ball 2-0: Ground out 4-3 (Groundball, 4, EV 80.6 MPH) Roberto Medina to third
|
Batting: RHB Pete Roberts
|
0-0: Ball 1-0: Ball 2-0: Ball 3-0: Swinging Strike 3-1: Base on Balls
|
Batting: RHB Sandoval Serzedelo
|
0-0: Called Strike 0-1: Ball 1-1: Called Strike 1-2: SINGLE (Groundball, 4D, EV 99.4 MPH) Roberto Medina scores Pete Roberts to second
|
Pitching: LHP Logan Stewart
|
|
Batting: LHB Dorian Oram
|
0-0: Ball 1-0: Swinging Strike 1-1: SINGLE (Groundball, 6D, EV 95.6 MPH) Pete Roberts to third Sandoval Serzedelo to second
|
Batting: LHB Bob Govella
|
0-0: Ball 1-0: Swinging Strike 1-1: Called Strike 1-2: Strikes out swinging
|
Bottom of the 9th over - 1 run, 2 hits, 1 error, 3 left on base; University of Southern California 12 - Louisiana State University 8 |
|